 Dungeon Crawl Stone Soup version 0.27.1 (webtiles) character file.

Game seed: 9620271863468185055

33933 tylerjbraun the Basher (level 13, -2/80 HPs)
             Began as a Gargoyle Monk on Aug 20, 2021.
             Was the Champion of Nemelex Xobeh.
             Killed by the raging water
             ... invoked by a water nymph
              (13 damage)
             ... on level 1 of the Shoals on Aug 21, 2021.
             The game lasted 02:37:28 (12846 turns).

tylerjbraun the Basher (Gargoyle Monk)             Turns: 12846, Time: 02:37:29

Health: -2/80      AC: 31    Str: 22    XL:     13   Next: 74%
Magic:  20/20      EV: 19    Int: 11    God:    Nemelex Xobeh [******]
Gold:   376        SH:  8    Dex: 24    Spells: 9/12 levels left

rFire    . . .     SeeInvis .   a - +2 flail (protect)
rCold    . . .     Faith    .   Z - +0 buckler
rNeg     + . .     Spirit   .   X - +8 swamp dragon scales of Neled {rPois Will- rCorr Str+3 Dex+3}
rPois    ∞         Reflect  .   (helmet restricted)
rElec    +         Harm     .   y - +0 cloak
rCorr    +         Rampage  .   (no gloves)
Will     .....                  B - +1 pair of boots
Stlth    ++........             j - amulet of regeneration
HPRegen  1.23/turn              L - +4 ring of evasion
MPRegen  0.17/turn              r - +6 ring of dexterity

@: mesmerised, very slow
A: sickness immunity, AC +9, negative energy resistance 1, electricity
resistance, torment resistance 1, petrification resistance, hooves 1, horns 1,
agile 1, mutation resistance 1, sturdy frame 1
a: Renounce Religion, Draw Escape, Draw Destruction, Draw Summoning, Triple
Draw, Deal Four, Stack Five


You were on level 1 of the Shoals.
You worshipped Nemelex Xobeh.
Nemelex Xobeh was exalted by your worship.
You visited 4 branches of the dungeon, and saw 16 of its levels.
You also visited: Volcano.

You collected 2093 gold pieces.
You spent 1717 gold pieces at shops.

Inventory:

Hand Weapons
 a - a +2 flail of protection (weapon)
 b - a +1 whip of venom
 D - a +0 longbow of flaming
 E - a +2 arbalest of flaming
 H - a +0 long sword of holy wrath
Missiles
 c - 536 stones (quivered)
 h - 200 arrows
 k - 185 bolts
Armour
 m - a +1 plate armour of fire resistance
 v - a +3 ring mail of fire resistance
 y - a +0 cloak (worn)
 B - a +1 pair of boots (worn)
 X - the +8 swamp dragon scales of Neled (worn) {rPois Will- rCorr Str+3 Dex+3}
   (You bought it in a shop on level 6 of the Dungeon)

   Str:       It affects your strength (+3).
   Dex:       It affects your dexterity (+3).
   rPois:     It protects you from poison.
   rCorr:     It protects you from acid and corrosion.
   Will:      It decreases your willpower.
 Z - a +0 buckler (worn)
Jewellery
 j - an amulet of regeneration (around neck)
 o - a ring of protection from fire
 q - a ring of ice
 r - a +6 ring of dexterity (right hand)
 t - a ring of wizardry
 x - an amulet of reflection
 L - a +4 ring of evasion (left hand)
 M - a +6 ring of dexterity
 Q - a ring of resist corrosion
 S - a ring of resist corrosion
 V - a ring of positive energy
Wands
 p - a wand of flame (54)
 F - a wand of acid (11)
 P - a wand of charming (5)
 Y - a wand of mindburst (11)
Scrolls
 d - a scroll of blinking
 l - 2 scrolls of brand weapon
 n - a scroll of identify
 u - a scroll of fear
 A - a scroll of enchant weapon
 C - 2 scrolls of enchant armour
 G - 4 scrolls of teleportation
 I - 2 scrolls of fog
 J - a scroll of holy word
 N - a scroll of magic mapping
 T - 2 scrolls of summoning
Potions
 e - 3 potions of flight
 g - 2 potions of brilliance
 i - 3 potions of curing
 s - 2 potions of invisibility
 w - 3 potions of degeneration
 z - 2 potions of ambrosia
 K - 2 potions of magic
 O - 2 potions of might
 U - 4 potions of haste
Miscellaneous
 f - a piece from Xom's chessboard (15/15)
 W - a piece from Xom's chessboard (15/15)


   Skills:
 + Level 9.0 Fighting
 + Level 12.2 Maces & Flails
 + Level 9.6 Armour
 - Level 4.3 Dodging
 + Level 9.1 Stealth
 + Level 11.0 Shields
 * Level 10.3 Invocations


You had 9 spell levels left.
You knew the following spells:

 Your Spells              Type           Power      Damage    Failure   Level
a - Foxfire               Conj/Fire      0%         2x1d4     38%         1
b - Slow                  Hex            0%         N/A       54%         2

Your spell library contained the following spells:

 Spells                   Type           Power      Damage    Failure   Level
 Freeze                   Ice            0%         1d3       38%         1
 Confusing Touch          Hex            0%         N/A       77%         3
 Frozen Ramparts          Ice            0%         1d2       77%         3
 Vampiric Draining        Necr           0%         2d6       77%         3
 Dispel Undead            Necr           0%         3d6       99%         4
 Hailstorm                Conj/Ice       0%         3d3       99%         4
 Ice Form                 Ice/Tmut       0%         N/A       99%         4
 Summon Ice Beast         Ice/Summ       0%         N/A       99%         4
 Agony                    Necr           0%         N/A       100%        5
 Alistair's Intoxication  Tmut/Pois      0%         N/A       100%        5
 Borgnjor's Vile Clutch   Necr/Erth      0%         N/A       100%        5
 Eringya's Noxious Bog    Tmut/Pois      0%         N/A       100%        6


Dungeon Overview and Level Annotations

Branches:
Dungeon (11/15)            Temple (1/1) D:6            Lair (3/6) D:11
 Shoals (1/4) Lair:3      Volcano (visited)
  Snake: Lair:2-4    Spider: Lair:2-4       Orc: D:9-12

Altars:
Ashenzari
Cheibriados
Dithmenos
Elyvilon
Fedhas
Gozag
Hepliaklqana
Kikubaaqudgha
Makhleb
Nemelex Xobeh
Okawaru
Qazlal
Ru
Sif Muna
Trog
Uskayaw
Vehumet
Wu Jian
Xom
Yredelemnul
Zin
The Shining One

Shops:
D:2 :   D:6 ?*

Portals:
Trove: D:10 (give +3 storm dragon scales)


Innate Abilities, Weirdness & Mutations

You are immune to sickness and miasma.
Your stone body is resilient. (AC +9)
You are immune to poison.
You resist negative energy. (rN+)
You are resistant to electric shocks. (rElec)
You are resistant to unholy torment.
You are immune to petrification.
You have large cloven feet.
You have a pair of small horns on your head.
You are agile. (Dex +2)
You are somewhat resistant to further mutation.
Your movements are slightly less encumbered by armour. (ER -2)


Message History

The merfolk hits you from afar with a +0 trident.
You block the merfolk impaler's attack.
The merfolk siren chants its luring song.
The merfolk barely misses you.
The merfolk siren chants its luring song.
The water nymph barely misses you.
The merfolk avatar chants its luring song.
You draw a card...
You have drawn Wild Magic.
The water nymph has an odd expression for a moment.
The water nymph is poisoned.
The merfolk twitches.
The merfolk seems to slow down.
The light around the merfolk dims momentarily.
The merfolk seems to slow down.
The merfolk avatar is briefly tinged with green!
The merfolk siren looks off-balance for a moment.
The merfolk siren seems to slow down.
You feel a surge of magic.
The merfolk siren is no longer moving slowly.
The merfolk impaler barely misses you.
The merfolk siren chants its luring song. x2
The merfolk impaler barely misses you. You block the water nymph's attack.
The merfolk closely misses you.
The merfolk avatar chants its luring song.
You draw a card...
You have drawn the Pentagram.
The pull of its song draws you forwards.
The merfolk impaler misses you. You block the merfolk siren's attack.
The merfolk siren chants its luring song.
The merfolk avatar chants its luring song.
The water nymph casts a spell at you. The water swirls and strikes you!!
* * * LOW HITPOINT WARNING * * *
You draw a card...
You have drawn Velocity.
The merfolk siren seems to slow down.
The merfolk impaler seems to slow down.
The merfolk avatar seems to slow down.
The merfolk siren seems to slow down.
The merfolk siren chants its luring song.
You block the merfolk impaler's attack.
The merfolk siren chants its luring song.
The water nymph casts a spell at you. The water swirls and strikes you!
You die...
Your body glows with a rainbow of weird colours and disappears.

≈≈≈≈≈≈≈.....≈≈^..≈≈≈......≈≈≈.
≈≈≈≈≈≈≈..........≈≈≈..........
≈≈≈≈≈≈≈.....≈....≈≈≈≈........#
≈≈≈≈≈≈≈.......#..≈≈≈≈....###.#
≈≈≈≈≈≈≈≈..≈.....≈≈≈≈≈....# ##
≈...≈≈≈≈≈≈≈≈≈....≈≈......#
.###.###.≈≈≈≈...m....##...
.≈≈..≈.3..#..## ..
.≈...≈≈≈m@...# ..##...≈m≈m..#
. #..≈≈mmm..# #...#).R..#
#.....m..## ....###.))....#
≈... #........... ≈≈.
.......P...≈P
≈≈≈......P≈...PP≈


You could see a merfolk avatar (mesmerising, slow), a merfolk impaler (slow), 2
merfolk, 3 merfolk sirens, a water nymph (poisoned), a friendly rakshasa
(summoned) and a friendly ynoxinul (summoned).

Vanquished Creatures
  A red draconian (Volcano)
  Harold (Lair:1)
  4 hydras
  4 two-headed ogres
  6 death yaks (Lair:2)
  The ghost of robertstho the Cleaver, a novice DrBe of Trog (D:6)
  A glowing orange brain (Lair:1)
  A merfolk siren (Shoals:1)
  5 black mambas (Lair:2)
  10 cane toads
  A gargoyle (D:10)
  4 rime drakes
  A komodo dragon (Lair:3)
  A yaktaur (Volcano)
  A kobold demonologist (D:10)
  A hornet (Lair:1)
  2 merfolk (Shoals:1)
  5 blink frogs (Lair:1)
  5 fire bats (Volcano)
  2 wyverns
  Sigmund (D:4)
  A basilisk (Lair:2)
  15 yaks
  A golden eye (Lair:1)
  4 steam dragons
  A warg (Lair:2)
  11 water moccasins
  5 orc warriors
  An ice beast (D:5)
  2 black bears (D:6)
  4 necrophages
  A hornet zombie (D:5)
  An ogre (D:6)
  6 wolves (Lair:2)
  4 centaurs
  2 phantoms
  2 kobold brigands (D:9)
  3 bullfrogs
  6 scorpions
  A wyvern zombie (D:6)
  2 water moccasin zombies (D:6)
  A water moccasin skeleton (D:4)
  11 killer bees
  2 howler monkeys (D:8)
  An electric eel (Lair:3)
  2 wights
  5 centaur zombies
  A bullfrog zombie (D:6)
  2 jellies
  5 lava snakes (Volcano)
  2 quasits (D:6)
  7 hounds
  4 orc priests
  A human zombie (D:6)
  Crazy Yiuf (D:2)
  A bullfrog skeleton (D:5)
  2 iguanas
  9 orc wizards
  5 hell rats (Lair:2)
  A killer bee zombie (D:5)
  3 mummies (D:6)
  A howler monkey zombie (D:6)
  7 adders
  4 gnolls (D:6)
  2 shadow imps (D:5)
  25 orcs
  8 endoplasms
  2 giant cockroaches (D:1)
  5 goblins
  7 hobgoblins
  6 quokkas
  11 ball pythons
  4 bats
  2 frilled lizards
  12 kobolds
  6 rats
299 creatures vanquished.

Vanquished Creatures (collateral kills)
  A centaur warrior (Volcano)
  A two-headed ogre (D:10)
  3 death yaks (D:11)
  2 yaktaurs (Volcano)
  A vampire (D:11)
  A lemure (D:5)
  2 wights (D:10)
  2 quasits (D:6)
  A bullfrog skeleton (D:4)
  3 hell rats (D:11)
  An adder (D:2)
  A river rat (D:11)
  A shadow imp (D:5)
  3 orcs (D:4)
  2 quokkas (D:11)
  A bat (D:2)
  A frilled lizard (D:2)
  2 kobolds (D:2)
  2 rats (D:11)
31 creatures vanquished.

Vanquished Creatures (others)
  A fire bat (Volcano)
  14 fungi
  13 plants
28 creatures vanquished.

Grand Total: 358 creatures vanquished

Notes
Turn   | Place    | Note
-------+----------+-------------------------------------------
     0 | D:1      | tylerjbraun the Gargoyle Monk began the quest for the Orb.
     0 | D:1      | Reached XP level 1. HP: 14/14 MP: 1/1
   252 | D:1      | Reached XP level 2. HP: 19/19 MP: 2/2
   694 | D:1      | Found a faded altar of an unknown god.
   698 | D:1      | Became a worshipper of Nemelex Xobeh the Trickster
   698 | D:1      | Reached * piety under Nemelex Xobeh
   698 | D:1      | Received a gift from Nemelex Xobeh
   698 | D:1      | Received a gift from Nemelex Xobeh
   698 | D:1      | Reached ** piety under Nemelex Xobeh
   989 | D:1      | Reached *** piety under Nemelex Xobeh
  1363 | D:2      | Found Etaufat's Book Boutique.
  1399 | D:2      | Reached XP level 3. HP: 23/23 MP: 3/3
  1403 | D:2      | Received a gift from Nemelex Xobeh
  1935 | D:2      | Found a runed translucent door.
  1936 | D:2      | Noticed Crazy Yiuf
  1942 | D:2      | Killed Crazy Yiuf
  1943 | D:2      | Reached XP level 4. HP: 27/29 MP: 4/4
  2096 | D:1      | You fall into a shaft and drop 1 floor!
  2192 | D:3      | Reached skill level 4 in Maces & Flails
  2262 | D:3      | Received a gift from Nemelex Xobeh
  2922 | D:2      | You fall into a shaft and drop 1 floor!
  2968 | D:4      | Noticed a necrophage
  2989 | D:4      | Killed a necrophage
  2990 | D:4      | Reached skill level 1 in Armour
  2990 | D:4      | Reached skill level 1 in Invocations
  2990 | D:4      | Reached XP level 5. HP: 25/33 MP: 5/5
  2999 | D:4      | Reached XP level 6. HP: 30/38 MP: 5/7
  3024 | D:4      | Reached **** piety under Nemelex Xobeh
  3026 | D:4      | Received a gift from Nemelex Xobeh
  3032 | D:4      | Found a radiant altar of Vehumet.
  3426 | D:4      | Noticed a wyvern
  3440 | D:4      | Killed a wyvern
  3441 | D:4      | Reached skill level 5 in Maces & Flails
  3441 | D:4      | Reached XP level 7. HP: 18/43 MP: 8/8
  3587 | D:4      | Noticed Sigmund
  3597 | D:4      | Killed Sigmund
  4032 | D:5      | Entered Level 5 of the Dungeon
  4192 | D:5      | Reached XP level 8. HP: 46/48 MP: 10/10
  4242 | D:5      | Reached skill level 6 in Maces & Flails
  4373 | D:5      | Found a hide-covered altar of Uskayaw.
  4486 | D:5      | Noticed Grinder
  4495 | D:5      | Reached skill level 5 in Fighting
  4495 | D:5      | Noticed Grinder
  4495 | D:5      | Grinder changed into Grinder the lemure
  4498 | D:5      | Killed Grinder the lemure
  4829 | D:6      | Found Pug Vol's Magic Scroll Emporium.
  4830 | D:6      | Received a gift from Nemelex Xobeh
  4873 | D:6      | Reached ***** piety under Nemelex Xobeh
  4985 | D:6      | Bought a scroll of fog for 24 gold pieces
  4985 | D:6      | Bought a scroll of identify for 24 gold pieces
  4985 | D:6      | Bought a scroll of holy word for 90 gold pieces
  4985 | D:6      | Bought a scroll of identify for 24 gold pieces
  4985 | D:6      | Bought a scroll of identify for 24 gold pieces
  4985 | D:6      | Bought a scroll of identify for 24 gold pieces
  5047 | D:6      | Found an ornate altar of the Wu Jian Council.
  5072 | D:6      | Reached skill level 7 in Maces & Flails
  5112 | D:6      | Reached XP level 9. HP: 54/54 MP: 12/12
  5140 | D:6      | Reached skill level 5 in Invocations
  5209 | D:6      | Found Zauc Wuc's Serpentskin Sales.
  5263 | D:6      | Reached skill level 5 in Armour
  5295 | D:6      | Found a transporter.
  5295 | D:6      | Noticed robertstho's ghost (novice DrBe)
  5388 | D:6      | Found a transporter.
  5434 | D:6      | Reached skill level 8 in Maces & Flails
  5454 | D:6      | Killed robertstho's ghost
  5686 | D:6      | Found a basalt altar of Yredelemnul.
  5705 | D:6      | Reached XP level 10. HP: 61/61 MP: 14/14
  5852 | D:6      | Found a staircase to the Ecumenical Temple.
  5861 | Temple   | Entered the Ecumenical Temple
  6191 | D:7      | Received a gift from Nemelex Xobeh
  6218 | D:7      | Got the Disquisition on Burning Evil Rituals
  6521 | D:7      | Reached skill level 9 in Maces & Flails
  6559 | D:7      | Found an iron altar of Okawaru.
  6854 | D:8      | Received a gift from Nemelex Xobeh
  7118 | D:8      | Found an opulent altar of Gozag.
  7398 | D:8      | Received a gift from Nemelex Xobeh
  8360 | D:9      | Noticed a two-headed ogre
  8386 | D:9      | Killed a two-headed ogre
  8387 | D:9      | Reached skill level 10 in Maces & Flails
  8387 | D:9      | Reached XP level 11. HP: 14/68 MP: 17/17
  8668 | D:9      | Identified a scroll of acquirement
  8811 | D:2      | Acquired 1255 gold pieces
  8921 | D:6      | Bought the +8 swamp dragon scales of Neled {rPois Will-
                  | rCorr Str+3 Dex+3} for 1507 gold pieces
  9194 | D:10     | Entered Level 10 of the Dungeon
  9209 | D:10     | Noticed a two-headed ogre
  9221 | D:10     | Noticed a two-headed ogre
  9230 | D:10     | Killed a two-headed ogre
  9242 | D:10     | Killed a two-headed ogre
  9316 | D:10     | Gained mutation: You have large cloven feet. [potion of
                  | mutation]
  9316 | D:10     | Gained mutation: You are weak. (Str -2) [potion of
                  | mutation]
  9316 | D:10     | Gained mutation: You have a pair of small horns on your
                  | head. [potion of mutation]
  9316 | D:10     | Gained mutation: You are strong-willed. (Will+) [potion of
                  | mutation]
  9344 | D:10     | Received a gift from Nemelex Xobeh
  9396 | D:10     | Noticed a two-headed ogre
  9398 | D:10     | Reached ****** piety under Nemelex Xobeh
  9400 | D:10     | Noticed a two-headed ogre
  9404 | D:10     | Killed a two-headed ogre
  9405 | D:10     | Reached skill level 1 in Shields
  9424 | D:10     | Killed a two-headed ogre
  9425 | D:10     | Reached skill level 5 in Stealth
  9640 | D:10     | Received a gift from Nemelex Xobeh
  9843 | D:10     | Found a portal to a secret trove of treasure.
 10059 | D:11     | Found a staircase to the Lair.
 10059 | D:11     | Noticed a death yak
 10059 | D:11     | Noticed a death yak
 10060 | D:11     | Noticed a death yak
 10066 | D:11     | Killed a death yak
 10081 | D:11     | Killed a death yak
 10081 | D:11     | Killed a death yak
 10090 | Lair:1   | Entered Level 1 of the Lair of Beasts
 10130 | Lair:1   | Reached skill level 11 in Maces & Flails
 10152 | Lair:1   | Found a dark tunnel.
 10161 | Lair:1   | Reached XP level 12. HP: 65/73 MP: 18/18
 10166 | Volcano  | Entered a volcano
 10270 | Volcano  | Reached skill level 5 in Shields
 10285 | Volcano  | Noticed a red draconian
 10304 | Volcano  | Noticed a centaur warrior
 10310 | Volcano  | Killed a red draconian
 10323 | Volcano  | Killed a centaur warrior
 10368 | Volcano  | Found a burning altar of Makhleb.
 10391 | Volcano  | Found a burning altar of Makhleb.
 10545 | Lair:1   | Received a gift from Nemelex Xobeh
 10847 | Lair:1   | Received a gift from Nemelex Xobeh
 10874 | Lair:1   | Noticed Harold
 10890 | Lair:1   | Killed Harold
 11165 | Lair:1   | Received a gift from Nemelex Xobeh
 11175 | Lair:1   | Learned a level 1 spell: Foxfire
 11178 | Lair:1   | Learned a level 2 spell: Slow
 11296 | Lair:2   | Noticed an eight-headed hydra
 11313 | Lair:2   | Noticed an ettin
 11313 | Lair:2   | an eight-headed hydra changed into an ettin
 11316 | Lair:2   | Banished an ettin
 11410 | Lair:2   | Upgraded the game from 0.27.0-66-gdc8fb28755 to 0.27.1
 11459 | Lair:2   | Reached XP level 13. HP: 79/79 MP: 18/20
 11580 | Lair:2   | Lost mutation: You are weak. (Str -2) [potion of mutation]
 11580 | Lair:2   | Lost mutation: You are strong-willed. (Will+) [potion of
                  | mutation]
 11580 | Lair:2   | Lost mutation: You have a pair of small horns on your head.
                  | [potion of mutation]
 11580 | Lair:2   | Gained mutation: You are agile. (Dex +2) [potion of
                  | mutation]
 11580 | Lair:2   | Gained mutation: Your movements are slightly less
                  | encumbered by armour. (ER -2) [potion of mutation]
 11580 | Lair:2   | Gained mutation: You are somewhat resistant to further
                  | mutation. [potion of mutation]
 11580 | Lair:2   | Gained mutation: You have a pair of small horns on your
                  | head. [potion of mutation]
 11854 | Lair:2   | Reached skill level 10 in Shields
 11923 | Lair:2   | Reached skill level 10 in Invocations
 11975 | Lair:2   | Received a gift from Nemelex Xobeh
 12253 | Lair:3   | Reached skill level 12 in Maces & Flails
 12495 | Lair:3   | Received a gift from Nemelex Xobeh
 12718 | Lair:3   | Received a gift from Nemelex Xobeh
 12733 | Lair:3   | Found a staircase to the Shoals.
 12740 | Shoals:1 | Entered Level 1 of the Shoals
 12831 | Shoals:1 | Noticed a merfolk impaler
 12846 | Shoals:1 | Killed from afar by a water nymph

Illustrated notes

Levels and vault maps discovered:
D:1:      dpeg_arrival_pond, layout_loops_ring, serial_forest,
          infiniplex_forest_end_2, infiniplex_forest_clump_large,
          infiniplex_forest_lined_3_way, infiniplex_forest_lined_1,
          infiniplex_forest_lined_room_2, infiniplex_forest_clump_diagonal,
          hellmonk_ecumenical_altar_heavens_door
D:2:      layout_rooms, serial_shops, nicolae_lakefront_shop,
          uniq_crazy_yiuf_cottage
D:3:      layout_basic
D:4:      layout_basic, vehumet_altar_wand_db, uniq_sigmund
D:5:      layout_rooms, nicolae_uskayaw_dance_hall, minmay_between, uniq_grinder
D:6:      layout_rooms, lemuel_doored_altar, lemuel_mausoleum_altar_yredelemnul,
          temple_hall, serial_shops, nicolae_inconvenience_store,
          gammafunk_ghost_stat_death, guppyfry_shop_venom
D:7:      lemuel_ice_spiral_2, layout_rooms, kennysheep_mini_moat
D:8:      layout_loops_corners, old_standard_altar
D:9:      layout_loops_ring, kennysheep_path_1, st_stairs_6
D:10:     minmay_recursive_quarters, layout_cave_pools,
          nicolae_trove_entry_columns, chequers_serial_rivers_small_3
D:11:     layout_loops_ring, dpeg_lair_monsters,
          hellmonk_guarded_unrand_cigotuvi
Temple:   eino_temple_scatter_basement
Lair:1:   layout_regular_city, nicolae_volcano_entry_two_sided, minivault_26,
          uniq_harold
Lair:2:   layout_chaotic_city
Lair:3:   layout_long_grid, elwin_shoals_entry_rocks, serial_bayou_pond_a
Shoals:1: layout_shoals

Skill      XL: |  1  2  3  4  5  6  7  8  9 10 11 12 13 |
---------------+----------------------------------------+-----
Stealth        | 3 4 7 8 9 |  9.1
Maces & Flails | 4 5 7 8 10 11 12 | 12.2
Armour         | 1 3 4 6 8 9 |  9.6
Dodging        | 3 4 |  4.3
Invocations    | 1 2 3 4 6 8 9 10 | 10.3
Fighting       | 4 5 6 7 8 9 |  9.0
Shields        | 3 9 11 | 11.0

Action                   |  1- 3 |  4- 6 |  7- 9 | 10-12 | 13-15 || total
-------------------------+-------+-------+-------+-------+-------++-------
Melee: Mace              |    92 |   117 |   204 |       |       ||   413
       Whip              |       |       |   325 |   727 |   118 ||  1170
       Headbutt          |       |       |       |   117 |    99 ||   216
       Flail             |       |       |       |    10 |    98 ||   108
Throw: Throwing net      |       |       |       |       |     1 ||     1
Invok: Draw Summoning    |     1 |       |     4 |     7 |     1 ||    13
       Draw Destruction  |       |       |     9 |    21 |     7 ||    37
       Draw Escape       |       |       |       |     1 |     2 ||     3
       Triple Draw       |       |       |       |     1 |       ||     1
Evoke: Wand              |       |       |       |       |     1 ||     1
  Use: Scroll            |     3 |     4 |     6 |    10 |     2 ||    25
       Potion            |       |       |       |     4 |     1 ||     5
 Stab: Sleeping          |     7 |     5 |     5 |     4 |     2 ||    23
       Distracted        |     2 |       |     2 |     2 |       ||     6
       Petrified         |       |       |       |    18 |       ||    18
Armor: Robe              |    23 |       |       |       |       ||    23
       Ring mail         |       |    72 |   116 |       |       ||   188
       Plate armour      |       |       |   320 |   209 |       ||   529
       Swamp dragon scal |       |       |       |   142 |   103 ||   245
Dodge: Dodged            |    60 |   104 |   294 |   410 |   179 ||  1047
Block: Buckler           |       |       |       |   116 |   104 ||   220
